CLL
LODI CRUSHERS @ STOCKTON PORTS
06/30/1982
 
TOP OF THE 1ST
Lodi Crushers batting - Pitching for Stockton Ports : LHP Juan Corrales
Pitching: LHP Juan Corrales
Batting: LHB Kal Daniels 0-0: Foul Ball, location: 2F
0-1: Ball
1-1: Called Strike
1-2: Strikes out swinging
Batting: RHB Dave Lebeau 0-0: Ball
1-0: Ball
2-0: Fly out, F9 (Flyball, 89M, EV 83.8 MPH)
Batting: RHB Carmelo Martinez 0-0: Ball
1-0: Ball
2-0: Foul Ball, location: 2F
2-1: Foul Ball, location: 2F
2-2: SINGLE (Line Drive, 89S, EV 105.0 MPH)
Batting: LHB Adrian Zepeda 0-0: Ball
Carmelo Martinez steals 2nd base
1-0: Foul Ball, location: 2F
1-1: Called Strike
1-2: Foul Ball, location: 2F
1-2: Ground out 1-3 (Groundball, 13S, EV 66.3 MPH)
Top of the 1st over - 0 runs, 1 hit, 0 errors, 1 left on base; Lodi 0 - Stockton 0
BOTTOM OF THE 1ST
Stockton Ports batting - Pitching for Lodi Crushers : RHP Larry Lamonde
Pitching: RHP Larry Lamonde
Batting: RHB Ramon Valdez 0-0: Ball
1-0: Foul Ball, location: 2F
1-1: Ball
2-1: Fly out, F7 (Flyball, 78D, EV 81.9 MPH)
Batting: RHB Pasquale Raimondo 0-0: Ball
1-0: Ball
2-0: Foul Ball, location: 2F
2-1: Ball
3-1: Ground out 4-3 (Groundball, 4M, EV 76.3 MPH)
Batting: LHB Christopher O'Brien 0-0: Ball
1-0: Fly out, F3 (Popup, 3SF, EV 79.4 MPH)
Bottom of the 1st over - 0 runs, 0 hits, 0 errors, 0 left on base; Lodi 0 - Stockton 0
TOP OF THE 2ND
Lodi Crushers batting - Pitching for Stockton Ports : LHP Juan Corrales
Batting: LHB Fred McGriff 0-0: Ball
1-0: Ball
2-0: Ball
3-0: Called Strike
3-1: Foul Ball, location: 2F
3-2: Fly out, F8 (Flyball, 89D, EV 100.0 MPH)
Batting: RHB Mark Van Blaricom 0-0: Ground out 4-3 (Groundball, 4, EV 103.8 MPH)
Batting: LHB Roger Frash 0-0: Ball
1-0: Called Strike
1-1: Swinging Strike
1-2: Foul Ball, location: 2F
1-2: SINGLE (Line Drive, 5D, EV 97.5 MPH)
Batting: RHB Ron Karkovice 0-0: Ball
1-0: Foul Ball, location: 2F
1-1: Ball
2-1: Reached on error, E6 (Groundball, 6, EV 88.1 MPH)
Roger Frash to second
Batting: LHB Jeff Reed 0-0: Ball
1-0: Called Strike
1-1: Ball
2-1: Ball
3-1: Base on Balls
Roger Frash to third
Ron Karkovice to second
Batting: LHB Kal Daniels 0-0: Called Strike
0-1: Ball
1-1: Ground out 4-3 (Groundball, 4, EV 81.3 MPH)
Top of the 2nd over - 0 runs, 1 hit, 1 error, 3 left on base; Lodi 0 - Stockton 0
BOTTOM OF THE 2ND
Stockton Ports batting - Pitching for Lodi Crushers : RHP Larry Lamonde
Batting: SHB Tracy Edwards 0-0: Ball
1-0: Ball
2-0: Ball
3-0: Ground out U3 (Groundball, 34, EV 102.5 MPH)
Batting: SHB Jose Mercado 0-0: Called Strike
0-1: Ball
1-1: Ball
2-1: Swinging Strike
2-2: SINGLE (Line Drive, 56D, EV 103.1 MPH)
Batting: RHB Mark Jurena 0-0: Ball
1-0: Ball
2-0: Called Strike
2-1: Foul Ball, location: 2F
2-2: Grounds into double play, 6-4-3 (Groundball, 56, EV 104.4 MPH)
Bottom of the 2nd over - 0 runs, 1 hit, 0 errors, 0 left on base; Lodi 0 - Stockton 0
TOP OF THE 3RD
Lodi Crushers batting - Pitching for Stockton Ports : LHP Juan Corrales
Batting: RHB Dave Lebeau 0-0: Fly out, F9 (Flyball, 9S, EV 73.8 MPH)
Batting: RHB Carmelo Martinez 0-0: Ball
1-0: Called Strike
1-1: Foul Ball, location: 2F
1-2: Ground out 6-3 (Groundball, 6, EV 86.3 MPH)
Batting: LHB Adrian Zepeda 0-0: Ball
1-0: Called Strike
1-1: Called Strike
1-2: Ball
2-2: Strikes out looking
Top of the 3rd over - 0 runs, 0 hits, 0 errors, 0 left on base; Lodi 0 - Stockton 0
BOTTOM OF THE 3RD
Stockton Ports batting - Pitching for Lodi Crushers : RHP Larry Lamonde
Batting: RHB Chris Sabo 0-0: Called Strike
0-1: Called Strike
0-2: Ball
1-2: Fly out, F8 (Flyball, 8RS, EV 90.0 MPH)
Batting: RHB Timothy Presko 0-0: Called Strike
0-1: Called Strike
0-2: Ball
1-2: SINGLE (Groundball, 56D, EV 96.3 MPH)
Batting: SHB Mike Hennessy 0-0: Ball
1-0: Ball
2-0: Foul Ball, location: 2F
2-1: SINGLE (Groundball, 5L, EV 104.4 MPH) (infield hit)
Timothy Presko to second
Batting: RHB Ramon Valdez 0-0: Called Strike
Timothy Presko is caught stealing 3rd base 2-5
Mike Hennessy to second
0-1: Foul Ball, location: 2F
0-2: SINGLE (Groundball, 56D, EV 111.3 MPH) (infield hit)
Mike Hennessy to third
Batting: RHB Pasquale Raimondo 0-0: Ball
1-0: Ball
2-0: DOUBLE (Line Drive, 89XD, EV 107.5 MPH)
Mike Hennessy scores
Ramon Valdez to third
Runner from 3rd tries for Home, SAFE, throw by RF to home
Batting: LHB Christopher O'Brien 0-0: Foul Ball, location: 2F
0-1: Ball
1-1: Called Strike
1-2: Strikes out swinging
Bottom of the 3rd over - 2 runs, 4 hits, 0 errors, 1 left on base; Lodi 0 - Stockton 2
TOP OF THE 4TH
Lodi Crushers batting - Pitching for Stockton Ports : LHP Juan Corrales
Batting: LHB Fred McGriff 0-0: Ball
1-0: Ball
2-0: Called Strike
2-1: Called Strike
2-2: Foul Ball, location: 2F
2-2: Ground out U3 (Groundball, 34S, EV 69.4 MPH)
Batting: RHB Mark Van Blaricom 0-0: Ball
1-0: Ball
2-0: Swinging Strike
2-1: Reached on error, E6 (Groundball, P, EV 80.0 MPH)
Batting: LHB Roger Frash 0-0: Ball
1-0: Fly out, F4 (Line Drive, 4, EV 70.6 MPH)
Batting: RHB Ron Karkovice 0-0: Fly out, F8 (Flyball, 89M, EV 95.6 MPH)
Top of the 4th over - 0 runs, 0 hits, 1 error, 1 left on base; Lodi 0 - Stockton 2
BOTTOM OF THE 4TH
Stockton Ports batting - Pitching for Lodi Crushers : RHP Larry Lamonde
Batting: SHB Tracy Edwards 0-0: Ball
1-0: Ball
2-0: Called Strike
2-1: Foul Ball, location: 2F
2-2: Strikes out swinging
Batting: SHB Jose Mercado 0-0: Called Strike
0-1: Swinging Strike
0-2: Ball
1-2: Strikes out swinging
Batting: RHB Mark Jurena 0-0: Ball
1-0: Swinging Strike
1-1: Called Strike
1-2: Ball
2-2: Strikes out swinging
Bottom of the 4th over - 0 runs, 0 hits, 0 errors, 0 left on base; Lodi 0 - Stockton 2
TOP OF THE 5TH
Lodi Crushers batting - Pitching for Stockton Ports : LHP Juan Corrales
Batting: LHB Jeff Reed 0-0: Ball
1-0: Foul Ball, location: 2F
1-1: Ball
2-1: Ground out 4-3 (Groundball, 4, EV 86.3 MPH)
Batting: LHB Kal Daniels 0-0: Swinging Strike
0-1: SINGLE (Line Drive, 78S, EV 107.5 MPH)
Batting: RHB Dave Lebeau 0-0: Fly out, F4 (Popup, 4M, EV 58.1 MPH)
Batting: RHB Carmelo Martinez 0-0: Ball
1-0: Ball
2-0: Called Strike
2-1: SINGLE (Line Drive, 89M, EV 93.1 MPH)
Kal Daniels to second
Runner from 2nd tries for 3rd, SAFE, no throw by CF
Batting: LHB Adrian Zepeda 0-0: Called Strike
0-1: Ball
1-1: Called Strike
1-2: Ball
2-2: Ground out 4-3 (Groundball, 4, EV 89.4 MPH)
Top of the 5th over - 0 runs, 2 hits, 0 errors, 2 left on base; Lodi 0 - Stockton 2
BOTTOM OF THE 5TH
Stockton Ports batting - Pitching for Lodi Crushers : RHP Larry Lamonde
Batting: RHB Chris Sabo 0-0: Ball
1-0: SOLO HOME RUN (Flyball, 78XD, EV 106.3 MPH), Distance : 419 ft
Batting: RHB Timothy Presko 0-0: Ball
1-0: Foul Ball, location: 2F
1-1: Swinging Strike
1-2: Fly out, F9 (Flyball, 9LS, EV 86.9 MPH)
Batting: SHB Mike Hennessy 0-0: Fly out, F4 (Line Drive, 4, EV 62.5 MPH)
Batting: RHB Ramon Valdez 0-0: Called Strike
0-1: Foul Ball, location: 2F
0-2: Ball
1-2: Foul Ball, location: 2F
1-2: Ground out 6-3 (Groundball, 6, EV 84.4 MPH)
Bottom of the 5th over - 1 run, 1 hit, 0 errors, 0 left on base; Lodi 0 - Stockton 3
TOP OF THE 6TH
Lodi Crushers batting - Pitching for Stockton Ports : LHP Juan Corrales
Batting: LHB Fred McGriff 0-0: Swinging Strike
0-1: Ball
1-1: Called Strike
1-2: Strikes out looking
Batting: RHB Mark Van Blaricom 0-0: Ball
1-0: Called Strike
1-1: Foul Ball, location: 2F
1-2: Ball
2-2: Ball
3-2: Ground out 6-3 (Groundball, 6, EV 85.0 MPH)
Batting: LHB Roger Frash 0-0: Foul Ball, location: 2F
0-1: Ball
1-1: Called Strike
1-2: Ball
2-2: Strikes out swinging
Top of the 6th over - 0 runs, 0 hits, 0 errors, 0 left on base; Lodi 0 - Stockton 3
BOTTOM OF THE 6TH
Stockton Ports batting - Pitching for Lodi Crushers : RHP Larry Lamonde
Batting: RHB Pasquale Raimondo 0-0: Ball
1-0: Swinging Strike
1-1: Foul Ball, location: 2F
1-2: Ball
2-2: Ground out U3 (Groundball, 34S, EV 90.6 MPH)
Batting: LHB Christopher O'Brien 0-0: Called Strike
0-1: Ball
1-1: Foul Ball, location: 2F
1-2: Ball
2-2: Strikes out swinging
Batting: SHB Tracy Edwards 0-0: Ball
1-0: Called Strike
1-1: Swinging Strike
1-2: Ball
2-2: Fly out, F1 (Line Drive, P, EV 68.1 MPH)
Bottom of the 6th over - 0 runs, 0 hits, 0 errors, 0 left on base; Lodi 0 - Stockton 3
TOP OF THE 7TH
Lodi Crushers batting - Pitching for Stockton Ports : LHP Juan Corrales
Batting: RHB Ron Karkovice 0-0: Ball
1-0: Foul Ball, location: 2F
1-1: Ball
2-1: Ball
3-1: Fly out, F8 (Flyball, 8LS, EV 78.8 MPH)
Batting: LHB Jeff Reed 0-0: Ball
1-0: Fly out, F7 (Line Drive, 7D, EV 85.0 MPH)
Batting: LHB Kal Daniels 0-0: Foul Ball, location: 2F
0-1: Ball
1-1: Foul Ball, location: 2F
1-2: Ball
2-2: Ground out U3 (Groundball, 3, EV 91.9 MPH)
Top of the 7th over - 0 runs, 0 hits, 0 errors, 0 left on base; Lodi 0 - Stockton 3
BOTTOM OF THE 7TH
Stockton Ports batting - Pitching for Lodi Crushers : RHP Larry Lamonde
Batting: SHB Jose Mercado 0-0: Called Strike
0-1: Fly out, F7 (Flyball, 7LM, EV 98.8 MPH)
Batting: RHB Mark Jurena 0-0: Ball
1-0: Called Strike
1-1: Called Strike
1-2: Foul Ball, location: 2F
1-2: Foul Ball, location: 2F
1-2: Ball
2-2: Foul Ball, location: 2F
2-2: Ball
3-2: Fly out, F9 (Flyball, 9LM, EV 80.6 MPH)
Batting: RHB Chris Sabo 0-0: Called Strike
0-1: Ball
1-1: Fly out, F8 (Flyball, 78S, EV 93.1 MPH)
Bottom of the 7th over - 0 runs, 0 hits, 0 errors, 0 left on base; Lodi 0 - Stockton 3
TOP OF THE 8TH
Lodi Crushers batting - Pitching for Stockton Ports : LHP Juan Corrales
Batting: RHB Dave Lebeau 0-0: Ball
1-0: Called Strike
1-1: Called Strike
1-2: Ball
2-2: Strikes out looking
Batting: RHB Carmelo Martinez 0-0: Called Strike
0-1: Called Strike
0-2: Ball
1-2: Strikes out swinging
Batting: LHB Adrian Zepeda 0-0: Ball
1-0: Ball
2-0: Ball
3-0: Called Strike
3-1: Called Strike
3-2: Foul Ball, location: 2F
3-2: Ground out 4-3 (Groundball, 4M, EV 107.5 MPH)
Top of the 8th over - 0 runs, 0 hits, 0 errors, 0 left on base; Lodi 0 - Stockton 3
BOTTOM OF THE 8TH
Stockton Ports batting - Pitching for Lodi Crushers : RHP Larry Lamonde
Batting: RHB Timothy Presko 0-0: Ball
1-0: SINGLE (Groundball, 6MD, EV 98.8 MPH)
Batting: SHB Mike Hennessy 0-0: Ball
1-0: SINGLE (Groundball, 4, EV 98.1 MPH)
Timothy Presko to second
Batting: RHB Ramon Valdez 0-0: Ball
1-0: Sac Bunt to 23 - play at third, runner OUT! 3-5
Mike Hennessy to second
Batting: RHB Pasquale Raimondo 0-0: Called Strike
0-1: Called Strike
0-2: Ball
1-2: Foul Ball, location: 2F
1-2: Ball
2-2: Hit by Pitch
Mike Hennessy to third
Ramon Valdez to second
Batting: LHB Christopher O'Brien 0-0: Called Strike
0-1: Ball
1-1: Foul Ball, location: 2F
1-2: Foul Ball, location: 2F
1-2: Foul Ball, location: 2F
1-2: Foul Ball, location: 2F
1-2: Ball
2-2: Fly out, F7 (Flyball, 78M, EV 88.1 MPH)
Batting: SHB Tracy Edwards 0-0: Ball
1-0: Ball
2-0: Called Strike
2-1: DOUBLE (Groundball, 3L, EV 95.6 MPH)
Mike Hennessy scores
Ramon Valdez scores
Pasquale Raimondo to third
Runner from 3rd tries for Home, SAFE, throw by RF to home
Pitching: RHP Ted Davis
Batting: SHB Jose Mercado 0-0: Called Strike
0-1: Foul Ball, location: 2F
0-2: Foul Ball, location: 2F
0-2: Foul Ball, location: 2F
0-2: Strikes out looking
Bottom of the 8th over - 3 runs, 3 hits, 0 errors, 1 left on base; Lodi 0 - Stockton 6
TOP OF THE 9TH
Lodi Crushers batting - Pitching for Stockton Ports : LHP Juan Corrales
Batting: LHB Fred McGriff 0-0: Fly out, F7 (Flyball, 7LD, EV 93.1 MPH)
Batting: RHB Mark Van Blaricom 0-0: Foul Ball, location: 2F
0-1: Foul Ball, location: 2F
0-2: Ball
1-2: Strikes out looking
Batting: LHB Roger Frash 0-0: Ball
1-0: Called Strike
1-1: Swinging Strike
1-2: Ball
2-2: SOLO HOME RUN (Flyball, 9D, EV 107.5 MPH), Distance : 368 ft
Batting: RHB Ron Karkovice 0-0: Called Strike
0-1: Foul Ball, location: 2F
0-2: Ball
1-2: Ground out 4-3 (Groundball, 4, EV 110.6 MPH)
Top of the 9th over - 1 run, 1 hit, 0 errors, 0 left on base; Lodi 1 - Stockton 6
Wednesday, August 12th, 2020 - OOTP Baseball 21.5 Build 76